BR
PITTSBURGH KILLA BEEZ @ QUINCY DOUGHBOYS
07/20/2027
 
TOP OF THE 1ST
Pittsburgh Killa Beez batting - Pitching for Quincy Doughboys : RHP Ramón Alaniz
Pitching: RHP Ramón Alaniz
Batting: RHB Stan Taylor 0-0: Foul Ball, location: 2F
0-1: Ball
1-1: Ball
2-1: Swinging Strike
2-2: SINGLE (Groundball, 34D)
Batting: LHB José Guerrero 0-0: Called Strike
0-1: SINGLE (Line Drive, 6)
Stan Taylor to second
Batting: RHB Toshikazu Sato 0-0: Called Strike
Stan Taylor steals 3rd base
José Guerrero to second
0-1: Ground out 6-3 (Groundball, 6M)
Stan Taylor scores
José Guerrero to third
Batting: LHB Al Miller 0-0: Ball
1-0: Foul Ball, location: 2F
1-1: Swinging Strike
1-2: Foul Ball, location: 2F
1-2: Strikes out looking
Batting: RHB Gustavo Valle 0-0: Ball
1-0: Foul Ball, location: 2F
1-1: Fly out, F7 (Flyball, 7LS)
Top of the 1st over - 1 run(s), 2 hit(s), 0 error(s), 1 left on base; Pittsburgh 1 - Quincy 0
BOTTOM OF THE 1ST
Quincy Doughboys batting - Pitching for Pittsburgh Killa Beez : RHP Rafael Lucero
Pitching: RHP Rafael Lucero
Batting: LHB Marv Gardner 0-0: SINGLE (Line Drive, 4)
Batting: RHB Marlon Hernández 0-0: Ball
1-0: Foul Ball, location: 2F
1-1: Fly out, F8 (Flyball, 8LM)
Batting: RHB Jorge Chávez 0-0: Called Strike
0-1: Ball
1-1: Called Strike
1-2: Grounds into double play, 5-4-3 (Groundball, 56)
Bottom of the 1st over - 0 run(s), 1 hit(s), 0 error(s), 0 left on base; Pittsburgh 1 - Quincy 0
TOP OF THE 2ND
Pittsburgh Killa Beez batting - Pitching for Quincy Doughboys : RHP Ramón Alaniz
Batting: SHB Tony Morrison 0-0: Called Strike
0-1: Foul Ball, location: 2F
0-2: Ball
1-2: Strikes out swinging
Batting: RHB Mal Roberson 0-0: Called Strike
0-1: Ball
1-1: Ground out 6-3 (Groundball, 6)
Batting: RHB Travis Ezell 0-0: Ball
1-0: Ball
2-0: Ball
3-0: Called Strike
3-1: SINGLE (Groundball, 6MD)
Batting: RHB Fernando Vázquez 0-0: Ball
1-0: Ball
2-0: Swinging Strike
2-1: Ball
3-1: Base on Balls
Travis Ezell to second
Batting: RHB Stan Taylor 0-0: Reached via error on a dropped throw, E3
Travis Ezell to third
Fernando Vázquez to second
Batting: LHB José Guerrero 0-0: Swinging Strike
0-1: Ball
1-1: Ball
2-1: SINGLE (Line Drive, 56D)
Travis Ezell scores
Fernando Vázquez to third
Stan Taylor to second
Runner from 3rd tries for Home, SAFE, no throw
Batting: RHB Toshikazu Sato 0-0: Ball
1-0: Fly out, F1 (Line Drive, 15)
Top of the 2nd over - 2 run(s), 2 hit(s), 1 error(s), 2 left on base; Pittsburgh 3 - Quincy 0
BOTTOM OF THE 2ND
Quincy Doughboys batting - Pitching for Pittsburgh Killa Beez : RHP Rafael Lucero
Batting: LHB Mario Álvarez 0-0: Ball
1-0: Swinging Strike
1-1: Ball
2-1: Ball
3-1: Swinging Strike
3-2: Foul Ball, location: 2F
3-2: Fly out, F3 (Line Drive, 3L)
Batting: RHB Miguel Cervantes 0-0: Ball
1-0: Ball
2-0: Ball
3-0: Base on Balls
Batting: RHB Ramón Gómez 0-0: Called Strike
0-1: Ball
1-1: Fly out, F9 (Flyball, 9)
Batting: RHB Clifton Sturt 0-0: Ball
1-0: Ball
2-0: Ball
3-0: Base on Balls
Miguel Cervantes to second
Batting: RHB Orlando Márquez 0-0: Ball
1-0: Foul Ball, location: 2F
1-1: Swinging Strike
1-2: Ball
2-2: Strikes out swinging
Bottom of the 2nd over - 0 run(s), 0 hit(s), 0 error(s), 2 left on base; Pittsburgh 3 - Quincy 0
TOP OF THE 3RD
Pittsburgh Killa Beez batting - Pitching for Quincy Doughboys : RHP Ramón Alaniz
Batting: LHB Al Miller 0-0: Called Strike
0-1: Ball
1-1: Ball
2-1: Foul Ball, location: 2F
2-2: Ball
3-2: SINGLE (Groundball, 6MD)
Batting: RHB Gustavo Valle 0-0: Ball
1-0: Ball
2-0: Ball
3-0: Base on Balls
Al Miller to second
Batting: SHB Tony Morrison 0-0: Ball
1-0: Foul Ball, location: 2F
1-1: Ball
2-1: Foul Ball, location: 2F
2-2: Strikes out swinging
Batting: RHB Mal Roberson 0-0: Ball
1-0: Ball
2-0: Ball
3-0: Base on Balls
Al Miller to third
Gustavo Valle to second
Batting: RHB Travis Ezell 0-0: Ball
1-0: Called Strike
1-1: Ball
2-1: Foul Ball, location: 2F
2-2: Foul Ball, location: 2F
2-2: Fly out, F9 (Flyball, 9)
Runner from 3rd tags up, OUT at HOME
Top of the 3rd over - 0 run(s), 1 hit(s), 0 error(s), 2 left on base; Pittsburgh 3 - Quincy 0
BOTTOM OF THE 3RD
Quincy Doughboys batting - Pitching for Pittsburgh Killa Beez : RHP Rafael Lucero
Batting: RHB Joel García 0-0: Called Strike
0-1: Ball
1-1: Ground out 6-3 (Groundball, 56)
Batting: LHB Marv Gardner 0-0: SOLO HOME RUN (Line Drive, 9D), Distance : 362 ft
Batting: RHB Marlon Hernández 0-0: Ball
1-0: Fly out, F8 (Flyball, 89XD)
Batting: RHB Jorge Chávez 0-0: Ball
1-0: DOUBLE (Line Drive, 7LM)
Batting: LHB Mario Álvarez 0-0: Ball
1-0: Called Strike
1-1: Ball
2-1: Ball
3-1: Swinging Strike
3-2: Strikes out swinging
Bottom of the 3rd over - 1 run(s), 2 hit(s), 0 error(s), 1 left on base; Pittsburgh 3 - Quincy 1
TOP OF THE 4TH
Pittsburgh Killa Beez batting - Pitching for Quincy Doughboys : RHP Ramón Alaniz
Batting: RHB Fernando Vázquez 0-0: Ball
1-0: Called Strike
1-1: SINGLE (Groundball, 56D)
Batting: RHB Stan Taylor 0-0: Ball
1-0: Ball
2-0: Ball
3-0: Base on Balls
Fernando Vázquez to second
Batting: LHB José Guerrero 0-0: Foul Ball, location: 2F
0-1: Hit by Pitch
Fernando Vázquez to third
Stan Taylor to second
Batting: RHB Toshikazu Sato 0-0: Ball
1-0: Called Strike
1-1: Foul Ball, location: 2F
1-2: Ball
2-2: Foul Ball, location: 2F
2-2: Fly out, F8 (Flyball, 8RM)
Runner from 3rd tags up, SCORES, throw made
Pitching: LHP Kees Asmus
Batting: LHB Al Miller 0-0: Ball
1-0: Ball
2-0: Ball
3-0: Base on Balls
Stan Taylor to third
José Guerrero to second
Batting: RHB Gustavo Valle 0-0: Ball
1-0: Ball
2-0: Ball
3-0: Base on Balls
Stan Taylor scores
José Guerrero to third
Al Miller to second
Batting: SHB Tony Morrison 0-0: Called Strike
0-1: Called Strike
0-2: Fly out, F7 (Flyball, 7)
Runner from 3rd tags up, SCORES, no throw
Batting: RHB Mal Roberson 0-0: Fly out, F5 (Line Drive, 5)
Top of the 4th over - 3 run(s), 1 hit(s), 0 error(s), 2 left on base; Pittsburgh 6 - Quincy 1
BOTTOM OF THE 4TH
Quincy Doughboys batting - Pitching for Pittsburgh Killa Beez : RHP Rafael Lucero
Batting: RHB Miguel Cervantes 0-0: Swinging Strike
0-1: Ball
1-1: Swinging Strike
1-2: Ball
2-2: Foul Ball, location: 2F
2-2: Strikes out looking
Batting: RHB Ramón Gómez 0-0: Foul Ball, location: 2F
0-1: Ground out 1-3 (Groundball, 13)
Batting: RHB Clifton Sturt 0-0: Ball
1-0: Fly out, F9 (Flyball, 89M)
Bottom of the 4th over - 0 run(s), 0 hit(s), 0 error(s), 0 left on base; Pittsburgh 6 - Quincy 1
TOP OF THE 5TH
Pittsburgh Killa Beez batting - Pitching for Quincy Doughboys : LHP Kees Asmus
Batting: RHB Travis Ezell 0-0: Foul Ball, location: 2F
0-1: Swinging Strike
0-2: Foul Ball, location: 2F
0-2: Ball
1-2: Strikes out swinging
Batting: RHB Fernando Vázquez 0-0: Foul Ball, location: 2F
0-1: Ground out 4-3 (Groundball, 4)
Batting: RHB Stan Taylor 0-0: Ball
1-0: Ball
2-0: SINGLE (Line Drive, 7LS)
Batting: LHB José Guerrero 0-0: Ball
1-0: Ball
2-0: Swinging Strike
2-1: Swinging Strike
2-2: Strikes out looking
Top of the 5th over - 0 run(s), 1 hit(s), 0 error(s), 1 left on base; Pittsburgh 6 - Quincy 1
BOTTOM OF THE 5TH
Quincy Doughboys batting - Pitching for Pittsburgh Killa Beez : RHP Rafael Lucero
Batting: RHB Orlando Márquez 0-0: Called Strike
0-1: Foul Ball, location: 2F
0-2: Foul Ball, location: 2F
0-2: Fly out, F9 (Flyball, 9)
Batting: RHB Joel García 0-0: Called Strike
0-1: Called Strike
0-2: Foul Ball, location: 2F
0-2: Strikes out looking
Batting: LHB Marv Gardner 0-0: Called Strike
0-1: Ball
1-1: Ball
2-1: Called Strike
2-2: Foul Ball, location: 2F
2-2: Foul Ball, location: 2F
2-2: Strikes out swinging
Bottom of the 5th over - 0 run(s), 0 hit(s), 0 error(s), 0 left on base; Pittsburgh 6 - Quincy 1
TOP OF THE 6TH
Pittsburgh Killa Beez batting - Pitching for Quincy Doughboys : LHP Kees Asmus
Batting: RHB Toshikazu Sato 0-0: Called Strike
0-1: DOUBLE (Line Drive, 78M)
Batting: LHB Al Miller 0-0: Ball
1-0: Ball
2-0: Ball
3-0: Called Strike
3-1: Called Strike
3-2: Foul Ball, location: 2F
3-2: Foul Ball, location: 2F
3-2: Ground out 4-3 (Groundball, 4)
Toshikazu Sato to third
Batting: RHB Gustavo Valle 0-0: Swinging Strike
0-1: Foul Ball, location: 2F
0-2: Ball
1-2: Ball
2-2: Ball
3-2: Foul Ball, location: 2F
3-2: Foul Ball, location: 2F
3-2: Base on Balls
Batting: SHB Tony Morrison 0-0: Called Strike
0-1: Foul Ball, location: 2F
0-2: Ball
1-2: Ball
2-2: Fly out, F8 (Flyball, 8LS)
Runner from 3rd tags up, SCORES, no throw
Batting: RHB Mal Roberson 0-0: Foul Ball, location: 2F
0-1: Ball
1-1: Ball
2-1: Fly out, F8 (Line Drive, 8LM)
Top of the 6th over - 1 run(s), 1 hit(s), 0 error(s), 1 left on base; Pittsburgh 7 - Quincy 1
BOTTOM OF THE 6TH
Quincy Doughboys batting - Pitching for Pittsburgh Killa Beez : RHP Rafael Lucero
Batting: RHB Marlon Hernández 0-0: Foul Ball, location: 2F
0-1: Swinging Strike
0-2: Strikes out swinging
Batting: RHB Jorge Chávez 0-0: Foul Ball, location: 2F
0-1: Ball
1-1: Fly out, F8 (Flyball, 8LM)
Batting: LHB Mario Álvarez 0-0: Ball
1-0: Ground out 6-3 (Groundball, 6)
Bottom of the 6th over - 0 run(s), 0 hit(s), 0 error(s), 0 left on base; Pittsburgh 7 - Quincy 1
TOP OF THE 7TH
Pittsburgh Killa Beez batting - Pitching for Quincy Doughboys : LHP Kees Asmus
Pitching: RHP Neal Foster
Batting: RHB Travis Ezell 0-0: Called Strike
0-1: Ground out 4-3 (Groundball, 4)
Batting: RHB Fernando Vázquez 0-0: Ball
1-0: Ball
2-0: Ball
3-0: Base on Balls
Batting: RHB Stan Taylor 0-0: Grounds into double play, 4-6-3 (Groundball, 4)
Top of the 7th over - 0 run(s), 0 hit(s), 0 error(s), 0 left on base; Pittsburgh 7 - Quincy 1
BOTTOM OF THE 7TH
Quincy Doughboys batting - Pitching for Pittsburgh Killa Beez : RHP Rafael Lucero
Batting: RHB Miguel Cervantes 0-0: SINGLE (Line Drive, 3)
Batting: RHB Ramón Gómez 0-0: SINGLE (Line Drive, 5D)
Miguel Cervantes to second
Pitching: RHP Joe Watson
Batting: RHB Clifton Sturt 0-0: Called Strike
0-1: Foul Ball, location: 2F
0-2: Ball
1-2: Fly out, F7 (Line Drive, 7S)
Batting: RHB Orlando Márquez 0-0: Ball
1-0: Ball
2-0: Ball
3-0: Base on Balls
Miguel Cervantes to third
Ramón Gómez to second
Batting: RHB Joel García 0-0: Ball
1-0: SINGLE (Groundball, 6MD)
Miguel Cervantes scores
Ramón Gómez to third
Orlando Márquez to second
Runner from 3rd tries for Home, SAFE, no throw
Batting: LHB Marv Gardner 0-0: Ball
1-0: Ball
2-0: Called Strike
2-1: Ball
3-1: Base on Balls
Orlando Márquez to third
Joel García to second
Batting: RHB Marlon Hernández 0-0: Fly out, F9 (Flyball, 9LS)
Batting: RHB Jorge Chávez 0-0: Foul Ball, location: 2F
0-1: Ball
1-1: Ball
2-1: Fly out, F8 (Flyball, 8LM)
Bottom of the 7th over - 2 run(s), 3 hit(s), 0 error(s), 3 left on base; Pittsburgh 7 - Quincy 3
TOP OF THE 8TH
Pittsburgh Killa Beez batting - Pitching for Quincy Doughboys : RHP Neal Foster
Batting: LHB José Guerrero 0-0: Ball
1-0: Foul Ball, location: 2F
1-1: Hit by Pitch
Batting: RHB Toshikazu Sato 0-0: Ball
1-0: Ball
2-0: Reached on error, E7 (Line Drive, 7)
José Guerrero to second
Batting: LHB Al Miller 0-0: Ball
1-0: Ball
2-0: Fly out, F8 (Line Drive, 8RM)
Batting: RHB Gustavo Valle 0-0: Ball
1-0: Fly out, F8 (Line Drive, 8LM)
Batting: SHB Tony Morrison 0-0: Foul Ball, location: 2F
0-1: Fly out, F9 (Flyball, 9LD)
Top of the 8th over - 0 run(s), 0 hit(s), 1 error(s), 2 left on base; Pittsburgh 7 - Quincy 3
BOTTOM OF THE 8TH
Quincy Doughboys batting - Pitching for Pittsburgh Killa Beez : RHP Joe Watson
Batting: LHB Mario Álvarez 0-0: Fly out, F9 (Flyball, 9S)
Batting: RHB Miguel Cervantes 0-0: Called Strike
0-1: Called Strike
0-2: Ball
1-2: Fly out, F8 (Flyball, 8RS)
Batting: RHB Ramón Gómez 0-0: Fly out, F9 (Line Drive, 89S)
Bottom of the 8th over - 0 run(s), 0 hit(s), 0 error(s), 0 left on base; Pittsburgh 7 - Quincy 3
TOP OF THE 9TH
Pittsburgh Killa Beez batting - Pitching for Quincy Doughboys : RHP Neal Foster
Batting: RHB Mal Roberson 0-0: Ball
1-0: Ball
2-0: Ball
3-0: Ground out 5-3 (Groundball, 56S)
Batting: RHB Travis Ezell 0-0: Ball
1-0: Foul Ball, location: 2F
1-1: SINGLE (Flyball, 78M)
Batting: RHB Fernando Vázquez 0-0: Called Strike
0-1: Ball
1-1: Foul Ball, location: 2F
1-2: Ball
2-2: Strikes out swinging
Batting: RHB Stan Taylor 0-0: Ball
1-0: Called Strike
1-1: Ball
2-1: Swinging Strike
2-2: Strikes out swinging
Top of the 9th over - 0 run(s), 1 hit(s), 0 error(s), 1 left on base; Pittsburgh 7 - Quincy 3
BOTTOM OF THE 9TH
Quincy Doughboys batting - Pitching for Pittsburgh Killa Beez : RHP Joe Watson
Batting: RHB Clifton Sturt 0-0: Ball
1-0: Ball
2-0: SINGLE (Groundball, 6MD)
Batting: RHB Orlando Márquez 0-0: Ball
1-0: Ball
2-0: Grounds into double play, 4-6-3 (Groundball, 4)
Batting: RHB Joel García 0-0: Ball
1-0: Fly out, F6 (Popup, 56)
Bottom of the 9th over - 0 run(s), 1 hit(s), 0 error(s), 0 left on base; Pittsburgh 7 - Quincy 3
Thursday, March 30th, 2017 - OOTP Baseball 17.12 Build 75